 Dungeon Crawl Stone Soup version 0.16.2-2-g470672f (webtiles) character file.

3833 CrazyArbalest the Quickloader (level 9, -4/74 HPs)
             Began as a Centaur Hunter on Aug 21, 2015.
             Was an Initiate of Gozag.
             Slain by an ogre
             ... wielding a +0 giant spiked club
              (17 damage)
             ... on level 8 of the Dungeon.
             The game lasted 00:54:08 (9950 turns).

CrazyArbalest the Quickloader (Centaur Hunter)      Turns: 9950, Time: 00:54:09

Health: -4/74      AC: 11    Str: 14      XL:     9   Next: 98%
Magic:  8/8        EV: 10    Int: 10      God:    Gozag
Gold:   1050       SH:  0    Dex: 13 (14) Spells: 0 memorised, 8 levels left

rFire  . . .     SeeInvis .     a - +2 war axe (flame)
rCold  . . .     Clarity  .     n - +0 ring mail
rNeg   . . .     SustAb   .     (no shield)
rPois  .         Gourm    .     w - +0 helmet
rElec  .         Spirit   .     l - +1 cloak
rCorr  .         Warding  .     S - +0 pair of gloves
rMut   .         Stasis   .     (no barding)
MR     .....                    (no amulet)
Stlth  ..........               (no ring)
                                o - ring of loudness (curse)

@: very quick, not resistant to hostile enchantments, extremely unstealthy
A: hooves 3, deformed body, speed 2, tough skin 3
a: Potion Petition, Call Merchant, Bribe Branch, Renounce Religion


You were on level 8 of the Dungeon.
You worshipped Gozag.
Gozag was noncommittal.
You were not hungry.

You visited 1 branch of the dungeon, and saw 8 of its levels.

You collected 1160 gold pieces.
You paid 110 gold pieces to Gozag.

Inventory:

Hand weapons
 a - a +2 war axe of flaming (weapon)
 b - a +1 hand crossbow
 j - a +0 hand axe of pain
 y - a +2 dagger of holy wrath
 D - a +0 vampiric whip
 W - a +0 whip of freezing
 Y - a +0 battleaxe
Missiles
 c - 18 bolts
Armour
 l - a +1 cloak (worn)
 n - a +0 ring mail (worn)
 w - a +0 helmet (worn)
 S - a +0 pair of gloves (worn)
Jewellery
 d - an uncursed amulet of rage
 o - a cursed ring of loudness (left hand)
 q - an uncursed amulet of resist corrosion
Magical devices
 v - a wand of confusion (19)
 A - a wand of lightning (3)
 C - a wand of disintegration (16)
 I - a wand of slowing (6)
 J - a wand of lightning (4)
 M - a wand of flame (23)
 R - a wand of confusion (26)
Scrolls
 e - 2 scrolls of amnesia
 h - a scroll of fear
 k - 3 scrolls of magic mapping
 p - a scroll of recharging
 s - a scroll of noise {unknown}
 t - 3 scrolls of enchant armour
 x - 3 scrolls of fog
 z - a scroll of immolation {unknown}
 E - 4 scrolls of teleportation
 H - a scroll of enchant weapon {unknown}
 N - 2 scrolls of remove curse
Potions
 g - a potion of poison {unknown}
 r - a potion of flight {unknown}
 u - a potion of brilliance {unknown}
 B - 2 potions of heal wounds {unknown}
 F - 3 potions of agility {unknown}
 G - a potion of degeneration {unknown}
 P - a potion of restore abilities {unknown}
 Q - 2 potions of haste {unknown}
 T - a potion of berserk rage {unknown}
 V - a potion of might
 X - a potion of magic {unknown}
Books
 K - a Necronomicon {highlevel, unknown}

   This book is beyond your current level of understanding.

   Spells                             Type                      Level
   a - Haunt                          Necromancy/Summoning         7
   b - Borgnjor's Revivification      Necromancy                   8
   c - Death's Door                   Charms/Necromancy            8
   d - Necromutation                  Transmutation/Necromancy     8
 L - a book of Alchemy

   Spells                             Type                      Level
   a - Sublimation of Blood           Necromancy                   2
   b - Alistair's Intoxication        Transmutation/Poison         4
   c - Condensation Shield            Ice                          4
   d - Petrify                        Transmutation/Earth          4
   e - Ignite Poison                  Fire/Transmutation           5
   f - Irradiate                      Conjuration/Transmutation    5
 U - a Grand Grimoire {highlevel, unknown}

   This book is beyond your current level of understanding.

   Spells                             Type                      Level
   a - Aura of Abjuration             Summoning                    6
   b - Summon Greater Demon           Summoning                    7
   c - Malign Gateway                 Summoning/Translocation      7
   d - Summon Horrible Things         Summoning                    8
Comestibles
 f - 7 bread rations
 m - 2 meat rations
 Z - 6 slices of pizza


   Skills:
 + Level 5.3 Fighting
 + Level 0.1 Short Blades
 + Level 3.2(3.7) Axes
 + Level 2.7(3.4) Maces & Flails
 * Level 10.2 Crossbows
 + Level 4.4 Armour
 + Level 5.0 Dodging
 + Level 1.3 Stealth
 + Level 1.3 Evocations


You had 8 spell levels left.
You didn't know any spells.

Dungeon Overview and Level Annotations

Branches:
Dungeon (8/15)             Temple (0/1) D:6
   Lair: D:8-11

Altars:
Ashenzari
Dithmenos
Gozag
Makhleb
Sif Muna
Trog

Shops:
D:4 :


Innate Abilities, Weirdness & Mutations

You have hooves in place of feet.
Armour fits poorly on your strangely shaped body.
You cover ground very quickly.
You have extremely tough skin (AC +3).


Message History

The ice beast is almost dead.
The ice beast hits you but does no damage.
You closely miss the ice beast.
The ice beast is almost dead.
The ice beast closely misses you.
You closely miss the ice beast. Your kick misses the ice beast.
The ice beast is almost dead.
The ice beast hits you.
* * * LOW HITPOINT WARNING * * *
The ice beast freezes you!
* * * LOW HITPOINT WARNING * * *
The ice beast barely misses you.
You hit the ice beast but do no damage.
The ice beast is almost dead.
The ice beast barely misses you.
You slash the ice beast!
You melt the ice beast.
You kill the ice beast!
The ogre hits you with a giant spiked club!
You die...
Your body crumbles into a pile of gold.

### ##.## #...# ### ###...#
############.####.....#
##......#.......@O.#...#
..........##...#####O..# ...
...............######.####.....
...............................
..........##...........$....$.[
..........###.#.......###...##
..........# #.........# ..t#
#........## #.######..# ...
........>.....# #.## .


You could see an ogre.

Vanquished Creatures
  Pikel (D:7)
  Psyche (D:8)
  A yak (D:7)
  A human (D:7)
  Menkaure (D:6)
  A sky beast (D:6)
  2 orc warriors (D:7)
  3 centaurs
  6 ogres
  3 phantoms (D:7)
  2 ice beasts
  A big kobold (D:8)
  2 giant frogs
  2 scorpions
  3 killer bees
  A giant frog zombie (D:8)
  2 crimson imps
  A goliath beetle (D:7)
  An orc wizard (D:8)
  A quasit (D:5)
  2 orc priests
  A centaur skeleton (D:4)
  2 hounds
  2 iguanas
  A killer bee zombie (D:6)
  5 worker ants
  3 sheep (D:7)
  A hound skeleton (D:6)
  A worker ant zombie (D:4)
  Robin (D:2)
  4 gnolls (D:3)
  6 adders
  4 worms
  An adder zombie (D:5)
  16 orcs
  A ball python (D:6)
  2 giant cockroaches (D:5)
  18 hobgoblins
  16 jackals
  18 bats
  4 giant geckos
  A giant gecko skeleton (D:7)
  A giant gecko zombie (D:7)
  5 giant newts
  A giant spore (D:7)
  15 goblins
  A jackal skeleton (D:5)
  15 kobolds
  3 quokkas
  A quokka skeleton (D:7)
  20 rats
  3 ballistomycetes (D:7)
211 creatures vanquished.

Vanquished Creatures (others)
  A slave (D:7)
  A shadow imp (D:7)
  A goblin (D:7)
  2 bats (D:7)
  A kobold (D:7)
6 creatures vanquished.

Grand Total: 217 creatures vanquished

Notes
Turn   | Place    | Note
--------------------------------------------------------------
     0 | D:1      | CrazyArbalest, the Centaur Hunter, began the quest for the Orb.
     0 | D:1      | Reached XP level 1. HP: 17/17 MP: 1/1
   457 | D:1      | Reached XP level 2. HP: 16/24 MP: 2/2
   920 | D:2      | Reached skill level 5 in Crossbows
  1129 | D:2      | Reached XP level 3. HP: 27/29 MP: 3/3
  1286 | D:2      | Reached skill level 1 in Maces & Flails
  1568 | D:2      | Reached XP level 4. HP: 29/36 MP: 3/3
  1601 | D:2      | Noticed Robin
  1726 | D:2      | Found a deep blue altar of Sif Muna.
  1793 | D:2      | Killed Robin
  2690 | D:3      | Reached XP level 5. HP: 9/41 MP: 4/4
  2853 | D:3      | Reached skill level 1 in Armour
  3049 | D:3      | Found a burning altar of Makhleb.
  3667 | D:4      | Found Sterrearen's Book Shoppe.
  3785 | D:4      | Found a shattered altar of Ashenzari.
  3846 | D:4      | Reached skill level 6 in Crossbows
  3906 | D:4      | Noticed an ogre
  3950 | D:4      | Killed an ogre
  3950 | D:4      | Reached XP level 6. HP: 48/50 MP: 5/5
  3987 | D:4      | Found an opulent altar of Gozag.
  4020 | D:4      | Became a worshipper of Gozag Ym Sagoz the Greedy
  4289 | D:4      | Noticed an ogre
  4308 | D:4      | Killed an ogre
  4828 | D:5      | Entered Level 5 of the Dungeon
  4862 | D:4      | Reached XP level 7. HP: 54/57 MP: 5/5
  4911 | D:5      | Reached skill level 1 in Stealth
  4957 | D:5      | Reached skill level 7 in Crossbows
  5574 | D:4      | HP: 1/57 [orc priest/nerve-wracking pain (9)]
  6174 | D:5      | Reached XP level 8. HP: 25/66 MP: 6/6
  6764 | D:6      | Reached skill level 1 in Axes
  6942 | D:6      | Reached skill level 8 in Crossbows
  7297 | D:6      | Found a staircase to the Ecumenical Temple.
  7621 | D:6      | Found an opulent altar of Gozag.
  7622 | D:6      | Found a shadowy altar of Dithmenos.
  8075 | D:7      | Found a bloodstained altar of Trog.
  8121 | D:7      | Noticed Pikel
  8360 | D:7      | Killed Pikel
  8360 | D:7      | Reached XP level 9. HP: 42/72 MP: 7/7
  8444 | D:7      | Reached skill level 9 in Crossbows
  8655 | D:7      | Noticed Menkaure
  8672 | D:6      | Killed Menkaure
  9418 | D:7      | Reached skill level 5 in Fighting
  9429 | D:8      | Noticed Psyche
  9451 | D:8      | Killed Psyche
  9451 | D:8      | Reached skill level 10 in Crossbows
  9524 | D:8      | Reached skill level 1 in Evocations
  9907 | D:8      | Reached skill level 5 in Dodging
  9950 | D:8      | Slain by an ogre

Action                   |  1- 3 |  4- 6 |  7- 9 || total
-------------------------+-------+-------+-------++-------
Melee: Mace              |    80 |   169 |   109 ||   358
       Dagger            |       |    20 |     7 ||    27
       Hand axe          |       |       |   358 ||   358
       War axe           |       |       |   137 ||   137
       Whip              |       |       |     6 ||     6
 Fire: Hand crossbow     |     8 |    42 |   105 ||   155
Evoke: Wand              |       |       |     9 ||     9
  Use: Scroll            |       |       |    10 ||    10
 Stab: Distracted        |       |       |     2 ||     2
  Eat: Chunk             |     1 |     8 |       ||     9
       Meat ration       |       |       |     2 ||     2
       Beef jerky        |       |       |     3 ||     3
       Pizza             |       |       |     1 ||     1
